Map: Magannatha LE

Players

Eatlead

  • Race: Protoss Protoss
  • Spawn Location: 11:00

Etherodox - Winner!

  • Race: Zerg Zerg
  • League: Master
  • Spawn Location: 5:00

VOD

Have the link to the VOD?

Description

Time

  • Played on: Oct. 19, 2025, 4:56 p.m.
  • Length: 17:26
Show
View Real Time Build Order
Export as new Build Order

Eatlead Protoss 

Build Orders:  

Get SALT Encoding   

  12  0:21  Probe  
  13  0:29  Probe  
  13  0:33  Pylon  
  14  0:38  Probe  
  15  0:50  Probe  
  15  0:52  Forge  
  16  1:03  Probe  
  17  1:27  Pylon  
  17  1:29  Pylon  
  17  1:30  Pylon  
  17  1:35  Pylon  
  17  1:46  Photon Cannon  
  17  2:00  Photon Cannon  
  17  2:01  Gateway  
  17  2:20  Photon Cannon  
  17  2:23  Photon Cannon  
  17  2:49  Probe  
  18  2:53  Zealot  
  18  3:03  Pylon  
  20  3:17  Zealot  
  21  3:32  Cybernetics Core  
  21  3:36  Assimilator  
  21  3:37  Zealot  
  21  3:38  Assimilator  
  23  3:49  Gateway  
  23  4:04  Pylon  
  23  4:08  Pylon  
  23  4:22  Probe  
  26  4:32  Photon Cannon  
  26  4:34  Probe  
  25  4:42  Probe  
  25  4:50  Probe  
  25  4:52  Stalker  
  29  5:00  Probe  
  30  5:12  Probe  
  30  5:13  Gateway  
  30  5:14  Gateway  
  31  6:07  Warp Gate  
  31  6:24  Stargate  
  31  6:34  Shield Battery  
  31  6:43  Gateway  
  31  6:46  Gateway  
  31  7:34  Pylon  
  31  7:36  Pylon  
  31  7:37  Pylon  
  31  7:58  Twilight Council, Void Ray  
  35  8:00  Zealot x3  
  35  8:01  Zealot x3  
  47  8:19  Charge  
  45  8:32  Void Ray  
  43  8:39  Zealot x4  
  55  8:51  Pylon x2  
  55  8:53  Pylon  
  55  8:54  Pylon  
  55  9:03  Dark Shrine  
  55  9:04  Void Ray  
  59  9:15  Zealot x4  
  67  9:23  Zealot  
  69  9:26  Zealot  
  71  9:37  Zealot  
  73  9:42  Zealot  
  35  11:03  Dark Templar x2  
  35  11:04  Dark Templar x4  
  47  11:11  Archon x2  
  47  11:15  Archon  
  47  11:36  Sentry  
  47  11:38  Dark Templar  
  51  11:40  Zealot  
  51  11:42  Zealot  
  55  11:48  Dark Templar  
  55  11:54  Archon  
  57  12:18  Stalker x2  
  39  13:53  Zealot  
  39  13:54  Zealot x5  
  35  14:57  Dark Templar  
  35  14:59  Dark Templar  
  39  15:00  Dark Templar x4  
  47  15:07  Archon x3  
  47  15:29  Zealot  
  49  15:36  Zealot  
Show
View Real Time Build Order
Export as new Build Order

Etherodox Zerg - Winner!

Build Orders: Pool First 

Get SALT Encoding   

  12  0:03  Drone  
  13  0:15  Overlord  
  13  0:21  Drone  
  14  0:38  Drone  
  14  0:39  Drone  
  16  0:47  Spawning Pool, Drone  
  16  0:52  Extractor  
  16  0:53  Drone  
  16  1:00  Drone  
  17  1:17  Drone  
  18  1:22  Hatchery  
  17  1:39  Zergling x4  
  20  1:54  Hatchery  
  19  1:56  Metabolic Boost  
  19  2:21  Zergling x4  
  18  2:35  Zergling x4  
  21  2:55  Queen  
  21  2:57  Overlord  
  22  3:09  Queen  
  22  3:12  Zergling x4  
  26  3:22  Zergling x4  
  28  3:41  Lair  
  28  3:46  Drone x4  
  32  3:58  Overlord x2  
  32  4:03  Drone x2  
  32  4:08  Extractor  
  33  4:11  Overlord  
  33  4:12  Drone  
  29  4:31  Roach Warren  
  27  4:32  Drone x2  
  27  4:34  Drone  
  27  4:35  Evolution Chamber  
  29  4:49  Queen  
  29  4:51  Drone x2  
  33  4:55  Overseer  
  33  5:04  Zerg Missile Weapons Level 1  
  33  5:26  Drone x7  
  40  5:31  Extractor  
  40  5:32  Extractor  
  38  5:38  Glial Reconstitution  
  38  5:42  Hatchery  
  37  5:44  Zergling x4  
  39  6:02  Zergling x6  
  39  6:03  Zergling x10  
  45  6:12  Overlord  
  45  6:25  Evolution Chamber  
  45  6:26  Drone x4  
  48  6:39  Roach x4  
  52  7:04  Roach x7  
  52  7:06  Zerg Missile Weapons Level 2  
  66  7:11  Overlord  
  66  7:12  Overlord  
  66  7:27  Overlord x3  
  66  7:44  Queen  
  66  7:53  Roach x6  
  78  8:04  Zerg Ground Armor Level 1  
  78  8:07  Infestation Pit  
  78  8:08  Overlord  
  78  8:11  Overlord  
  77  8:16  Overlord  
  77  8:24  Roach x2  
  86  8:34  Roach x3  
  86  8:36  Ravager x2  
  86  8:38  Ravager  
  89  8:58  Spire  
  88  9:12  Drone x5  
  88  9:13  Drone x7  
  100  9:19  Ravager x2  
  100  9:21  Ravager  
  103  9:40  Ravager  
  103  9:41  Ravager  
  103  9:42  Ravager  
  105  9:56  Infestor  
  68  10:18  Mutalisk x2  
  66  10:24  Queen x3  
  66  10:28  Spore Crawler  
  68  10:30  Spore Crawler x2  
  66  10:36  Spore Crawler  
  66  10:38  Spore Crawler  
  66  10:39  Spore Crawler  
  66  10:42  Spore Crawler x2  
  62  10:44  Spore Crawler  
  62  10:46  Mutalisk  
  62  10:47  Mutalisk x2  
  64  11:00  Queen x2  
  64  11:02  Mutalisk x2  
  72  11:07  Extractor  
  72  11:08  Extractor  
  70  11:19  Infestor  
  70  11:24  Drone x5  
  77  11:41  Drone x5  
  77  11:45  Drone x2  
  84  12:13  Hive, Hydralisk Den  
  84  12:14  Zerg Ground Armor Level 2  
  83  12:18  Infestor  
  83  12:20  Drone x6  
  91  12:23  Drone x2  
  91  12:44  Spine Crawler  
  91  12:46  Spine Crawler  
  91  12:48  Zergling x2, Hydralisk  
  91  12:49  Hydralisk x2  
  91  12:50  Zergling x2  
  96  12:51  Zergling x2  
  68  13:08  Zergling x14  
  68  13:10  Zergling x2  
  60  13:35  Overlord  
  48  14:07  Drone  
  46  14:21  Zergling x6  
  49  14:39  Roach x5  
  59  14:49  Spine Crawler  
  57  14:55  Spine Crawler  
  56  15:11  Hatchery  
  56  15:12  Drone x2  
  56  15:13  Drone x2  
  59  15:22  Spine Crawler  
  59  15:23  Spine Crawler  
  59  15:24  Spine Crawler  
  59  15:25  Nydus Network  
  55  15:33  Zergling x6  
  58  15:39  Overlord x2  
  58  15:42  Overlord  
  59  15:50  Drone  
  59  15:52  Overlord  
  59  15:53  Overlord  
  57  16:24  Hydralisk  
  57  16:25  Hydralisk x2, Roach  
  62  16:26  Zergling x6, Roach x2  
  65  16:38  Drone x4  
  67  16:48  Zergling x2  
  67  16:49  Zergling x6  
  71  17:10  Drone x8  
Tags
 
League
Master
Matchup
PvZ
Opening
Pool First
Spawn Locations
Cross Positions
Add a new tag
Caveats
  • Supply blocks, unpowered buildings, or Contaminate may cause inaccurate times.
  • Supply counts are checked every 10 seconds.